 Dungeon Crawl Stone Soup version 0.29.1-2-gbd0b4ee654 (webtiles) character file.

Game seed: 16686799784308792052

9 DemonSlayer the Firebug (level 2, -6/19 HPs)
             Began as a Demonspawn Fire Elementalist on Nov 6, 2022.
             Mangled by Natasha (9 damage)
             ... on level 2 of the Dungeon.
             The game lasted 00:00:58 (437 turns).

DemonSlayer the Firebug (DsFE)                       Turns: 437, Time: 00:00:58

Health: -6/19      AC:  2    Str:  8    XL:     2   Next: 6%
Magic:  5/5        EV: 12    Int: 16    God:
Gold:   10         SH:  0    Dex: 13    Spells: 2/5 levels left

rFire   . . .      SeeInvis .   c - +0 short sword
rCold   . . .      Faith    .   (no shield)
rNeg    . . .      Spirit   .   a - +0 robe
rPois   .          Reflect  .   (no helmet)
rElec   .          Harm     .   (no cloak)
rCorr   .          Rampage  .   (no gloves)
Will    .....                   (no boots)
Stlth   ++........              (no amulet)
HPRegen 0.06/turn               (no ring)
MPRegen 0.09/turn               (no ring)

@: slowed, very slow
A: hooves 1
a: no special abilities


You were on level 2 of the Dungeon.
You visited 1 branch of the dungeon, and saw 2 of its levels.

You collected 10 gold pieces.

Inventory:

Hand Weapons
 c - a +0 short sword (weapon)
Armour
 a - a +0 robe (worn)
Potions
 b - a potion of magic


   Skills:
 + Level 2.0 Dodging
 + Level 2.0 Stealth
 + Level 2.1 Spellcasting
 + Level 1.0 Conjurations
 + Level 2.8 Fire Magic


You had 2 spell levels left.
You knew the following spells:

 Your Spells              Type           Power      Damage    Failure   Level
a - Foxfire               Conj/Fire      28%        2x1d5     10%         1
b - Scorch                Fire           20%        2d6       10%         2

Your spell library contained the following spells:

 Spells                   Type           Power      Damage    Failure   Level
 Conjure Flame            Conj/Fire      7%         6-21      28%         3
 Inner Flame              Hex/Fire       6%         N/A       34%         3
 Flame Wave               Conj/Fire      7%         2d5       67%         4


Dungeon Overview and Level Annotations

Branches:
Dungeon (2/15)

Altars:

Annotations:
D:2 Natasha


Innate Abilities, Weirdness & Mutations

You have large cloven feet.


Message History

No target in view!
Your foxfire dissipates! x2
Your foxfire dissipates! x2
Key pressed, stopping explore.
No target in view!
Natasha, Servant of Life and Death comes into view.
Natasha hisses angrily.
Natasha casts a spell at you.
You feel yourself slow down. Natasha barely misses you.
Natasha is nearby!
You hit Natasha.
Natasha is moderately wounded.
Natasha casts a spell at you. You resist with significant effort.
Natasha barely misses you.
Natasha is nearby!
You barely miss Natasha. Your kick misses Natasha.
Natasha is lightly wounded.
Natasha casts a spell at you. You resist with significant effort.
Natasha is nearby!
You hit Natasha. Your kick misses Natasha.
Natasha is moderately wounded.
Natasha claws you. x2
Natasha is nearby!
You closely miss Natasha. You kick Natasha.
Natasha is heavily wounded.
Natasha casts a spell at you. The magic dart hits you!
Natasha stares at you and mumbles some strange words.
You resist with significant effort.
You are too injured to fight recklessly!
You closely miss Natasha.
Natasha is heavily wounded.
Natasha claws you.
* * * LOW HITPOINT WARNING * * *
You hit Natasha. Your kick misses Natasha.
Natasha is severely wounded.
Natasha claws you!
You die...

#. #.# #.. ####.##
#. ... #. #.. #
..##.##.##.##...
#.......@h....#
.##.##.##.####
#.##.##.##
#........#
#######.#.###.#
#####.......#..#
#.....####...#.#
#.....###..#......
#.......>.###.....


You could see Natasha.

Vanquished Creatures
  A giant cockroach (D:1)
  A goblin (D:1)
  3 kobolds (D:1)
  A quokka (D:1)
  A ball python (D:1)
  2 frilled lizards
  A rat (D:2)
10 creatures vanquished.

Vanquished Creatures (others)
  34 foxfires
34 creatures vanquished.

Grand Total: 44 creatures vanquished

Notes
Turn   | Place    | Note
-------+----------+-------------------------------------------
     0 | D:1      | DemonSlayer the Demonspawn Fire Elementalist began the
                  | quest for the Orb.
     0 | D:1      | Reached XP level 1. HP: 13/13 MP: 3/3
   229 | D:1      | Gained mutation: You have large cloven feet. [demonic
                  | ancestry]
   229 | D:1      | Reached XP level 2. HP: 17/19 MP: 0/5
   235 | D:2      | Learned a level 2 spell: Scorch
   430 | D:2      | Noticed Natasha
   437 | D:2      | Mangled by Natasha

Illustrated notes

Levels and vault maps discovered:
D:1:      scummos_arrival_star, layout_rooms
D:2:      layout_loops_cross, uniq_natasha, uniq_jessica

Skill      XL: |  1  2 |
---------------+-------+-----
Dodging        | 2 |  2.0
Stealth        | 2 |  2.0
Spellcasting   | |  2.1
Conjurations   | |  1.0
Fire Magic     | |  2.8

Action                   || total
-------------------------++-------
Melee: Short sword       ||    10
       Kick              ||     2
 Cast: Foxfire           ||    25
Armor: Robe              ||     4
Dodge: Dodged            ||    16
